 Dungeon Crawl Stone Soup version 0.18.1-5-g4a78601 (webtiles) character file.

5156 Wooh the Nimble (level 10, -4/124 HPs)
             Began as a Black Draconian Fighter on May 9, 2016.
             Was an Initiate of Nemelex Xobeh.
             Slain by a yak (10 damage)
             ... on level 1 of the Lair of Beasts.
             The game lasted 00:29:41 (9683 turns).

Wooh the Nimble (Black Draconian Fighter)           Turns: 9683, Time: 00:29:41

Health: -4/124     AC: 25    Str: 20    XL:     10   Next: 33%
Magic:  15/15      EV:  2    Int:  7    God:    Nemelex Xobeh [......]
Gold:   517        SH: 10    Dex: 14    Spells: 0 memorised, 9 levels left

rFire  . . .     SeeInvis .     a - +0 flail
rCold  . . .     Gourm    .     (armour unavailable)
rNeg   + + +     Faith    .     b - +0 shield
rPois  +         Spirit   .     (helmet currently unavailable)
rElec  .         Dismiss  .     (cloak currently unavailable)
rCorr  .         Reflect  .     (gloves currently unavailable)
SustAt +         Harm     .     (boots currently unavailable)
MR     .....     NoTele   +     (no amulet)
Stlth  ++........               j - ring of positive energy
                                h - ring of sustain attributes

@: tree-form, not resistant to hostile enchantments, unstealthy
A: (breathe lightning), unfitting armour, regeneration 1, (electricity
resistance), (cold-blooded), AC +7
a: Renounce Religion


You were on level 1 of the Lair of Beasts.
You worshipped Nemelex Xobeh.
Nemelex Xobeh was noncommittal.
You were near starving.
You were a tree.
You visited 3 branches of the dungeon, and saw 10 of its levels.

You collected 517 gold pieces.

Inventory:

Hand Weapons
 a - a +0 flail (weapon)
Missiles
 p - 6 exploding tomahawks (quivered)
 C - 2 tomahawks
Armour
 b - a +0 shield (worn)
 E - a +0 cloak (melded)
Jewellery
 h - a ring of sustain attributes (left branch)
 j - a ring of positive energy (right branch)
 A - a cursed amulet of inaccuracy {unknown}
Wands
 q - a wand of random effects (24/48)
 w - a wand of iceblast (0/15)
 B - a wand of disintegration (5/24)
 D - a wand of iceblast (3/15)
Scrolls
 c - 2 scrolls of fear {unknown}
 e - 5 scrolls of remove curse
 f - a scroll of fog
 g - 8 scrolls of identify
 m - 9 scrolls of teleportation
 u - 2 scrolls of immolation {unknown}
 z - 2 scrolls of recharging {unknown}
Potions
 l - a potion of cure mutation {unknown}
 o - a potion of flight {unknown}
 r - a potion of curing
 s - a potion of agility {unknown}
 t - a potion of ambrosia {unknown}
 v - a potion of resistance {unknown}
Books
 y - a book of Alchemy

   Spells                             Type                      Level
   a - Sublimation of Blood           Necromancy                   2
   b - Ignite Poison                  Fire/Transmutation/Poison    3
   c - Petrify                        Transmutation/Earth          4
   d - Alistair's Intoxication        Transmutation/Poison         5
   e - Irradiate                      Conjuration/Transmutation    5
Comestibles
 d - 6 bread rations
 k - 2 slices of pizza
 n - 2 royal jellies
 x - 8 fruits
 F - 11 chunks of flesh


   Skills:
 - Level 6.0 Fighting
 - Level 7.2 Maces & Flails
 + Level 9.6 Dodging
 - Level 5.0 Shields
 - Level 7.1 Evocations


You had 9 spell levels left.
You didn't know any spells.

Dungeon Overview and Level Annotations

Branches:
Dungeon (8/15)             Temple (1/1) D:5            Lair (1/8) D:8

Altars:
Ashenzari
Cheibriados
Dithmenos
Elyvilon
Fedhas
Gozag
Kikubaaqudgha
Makhleb
Nemelex Xobeh
Okawaru
Pakellas
Qazlal
Ru
Sif Muna
Vehumet
Xom
Yredelemnul
Zin
The Shining One

Shops:
D:5 !   D:6 =

Annotations:
D:6 459g amulet


Innate Abilities, Weirdness & Mutations

((You can breathe wild blasts of lightning.))
((Your glossy black scales are hard (AC +7).))
Your body does not fit into most forms of armour.
((You are resistant to electric shocks.))
((You are cold-blooded and may be slowed by cold attacks.))
Your natural rate of healing is unusually fast.


Message History

The yak gores you but does no damage. x2; You block the yak's attack.
You hit the yak.
The yak is severely wounded.
You have got your breath back.
The yak gores you but does no damage. The yak gores you!
* * * LOW HITPOINT WARNING * * *
Okay, then.
You sock the yak!
The yak is almost dead.
The yak gores you but does no damage. You block the yak's attack.
You completely miss the yak.
The yak is almost dead.
You block the yak's attack. The yak gores you but does no damage.
You sock the yak!
You kill the yak!
The yak gores you.
* * * LOW HITPOINT WARNING * * *
You barely miss the yak. The yak gores you!
You die...
Your body disappears without a glow.

### ##### #####.###
#.#P.#.#########.##.#..#
#...r.§rY♣Y§.....>#.#.#
##.##..####§..###..#.##
#.rP.# ##### ###.######
##..†.# #.###...
#.###.Y# #YP#P... #..
Y#Y# # ##Y###... #.(
Y...##PP###PY###... ...
.#................. ###
.#. #.###.#..P.#.##


You could see 2 yaks and a river rat.

Vanquished Creatures
  Erica (D:8)
  An ugly thing (D:8)
  Maurice (D:8)
  3 yaks (Lair:1)
  A hippogriff (D:8)
  2 hell hounds (D:8)
  A wasp (D:7)
  3 sky beasts
  An orc warrior (D:7)
  An ice beast (D:6)
  3 ogres
  2 phantoms
  A necrophage (D:5)
  5 centaurs
  3 giant frogs (D:7)
  2 scorpions
  2 water moccasin skeletons
  A howler monkey (D:5)
  A jelly (D:8)
  2 giant frog zombies
  3 orc priests
  3 hounds
  A centaur zombie (D:7)
  A giant frog skeleton (D:8)
  2 iguanas
  2 orc wizards (D:8)
  6 worker ants
  8 sheep (Lair:1)
  A hound zombie (D:7)
  A howler monkey zombie (D:4)
  6 gnolls
  2 howler monkey skeletons
  6 adders
  A shadow imp (D:5)
  3 oozes
  An adder zombie (D:6)
  An adder skeleton (D:4)
  5 worms
  3 dart slugs
  5 giant geckos
  33 orcs
  7 bats
  5 giant cockroaches
  12 goblins
  5 hobgoblins
  9 jackals
  2 kobolds (D:2)
  5 quokkas
  3 ball pythons
  6 giant newts
  A quokka zombie (D:7)
  6 rats
192 creatures vanquished.

Vanquished Creatures (others)
  A fungus (Lair:1)
  A plant (Lair:1)
2 creatures vanquished.

Grand Total: 194 creatures vanquished

Notes
Turn   | Place    | Note
--------------------------------------------------------------
     0 | D:1      | Wooh the Draconian Fighter began the quest for the Orb.
     0 | D:1      | Reached XP level 1. HP: 19/19 MP: 1/1
   342 | D:1      | Reached XP level 2. HP: 23/26 MP: 2/2
   812 | D:2      | Reached XP level 3. HP: 24/34 MP: 3/3
   958 | D:2      | Found a faded altar to an unknown god.
   959 | D:2      | Found a radiant altar of Vehumet.
  1154 | D:2      | Reached skill level 5 in Fighting
  1328 | D:2      | Found a burning altar of Makhleb.
  1328 | D:2      | Noticed an Executioner
  1334 | D:2      | Found a shadowy altar of Dithmenos.
  1640 | D:3      | Reached XP level 4. HP: 42/42 MP: 4/4
  1662 | D:3      | Found a shimmering altar of Xom.
  2714 | D:4      | Reached XP level 5. HP: 43/50 MP: 5/5
  2906 | D:4      | Noticed an ogre
  2921 | D:4      | Killed an ogre
  2924 | D:4      | Reached XP level 6. HP: 42/57 MP: 6/6
  3236 | D:4      | Reached skill level 5 in Maces & Flails
  3297 | D:4      | Found an opulent altar of Gozag.
  3305 | D:4      | Found a stormy altar of Qazlal.
  3336 | D:5      | Entered Level 5 of the Dungeon
  3426 | D:5      | Your scales start taking on a glossy black colour.
  3426 | D:5      | Reached XP level 7. HP: 9/63 MP: 7/7
  3426 | D:5      | Gained mutation: You are resistant to electric shocks. [Black Draconian growth]
  3795 | D:5      | Reached skill level 5 in Shields
  3795 | D:5      | Reached XP level 8. HP: 15/70 MP: 8/8
  4054 | D:5      | Found a staircase to the Ecumenical Temple.
  4216 | Temple   | Entered the Ecumenical Temple
  4425 | D:5      | Found Wyovoor's Distillery.
  4532 | D:6      | Found a basalt altar of Yredelemnul.
  4563 | D:6      | Found a white marble altar of Elyvilon.
  4642 | D:6      | Reached skill level 3 in Dodging
  4757 | D:6      | HP: 3/70 [centaur (5)]
  4761 | D:6      | Reached skill level 4 in Dodging
  5173 | D:6      | Reached skill level 5 in Dodging
  5352 | D:6      | Found Qeqemopn's Jewellery Shop.
  5525 | D:7      | Reached skill level 6 in Dodging
  6325 | D:7      | Reached skill level 7 in Dodging
  6343 | D:7      | Reached XP level 9. HP: 71/75 MP: 9/9
  6867 | D:8      | Paralysed by a wasp for 1 turns
  6880 | D:7      | Paralysed by a wasp for 3 turns
  6895 | D:7      | Reached skill level 8 in Dodging
  7645 | D:8      | Found a sparkling altar of Nemelex Xobeh.
  7677 | D:8      | Became a worshipper of Nemelex Xobeh the Trickster
  7696 | D:8      | Found a snail-covered altar of Cheibriados.
  7735 | D:8      | Received a gift from Nemelex Xobeh
  7737 | D:8      | Found a staircase to the Lair.
  7754 | D:8      | Reached skill level 9 in Dodging
  7811 | D:8      | Noticed Psyche
  7813 | D:8      | Drew Focus: Str increased to 20, Int decreased to 7
  7829 | D:8      | Noticed Psyche
  7830 | D:8      | Killed Psyche the worm
  8198 | D:8      | Noticed Erica
  8216 | D:8      | Killed Erica
  8230 | D:8      | Noticed Maurice
  8250 | D:7      | Reached skill level 5 in Evocations
  8541 | D:8      | Killed Maurice
  8541 | D:8      | Reached XP level 10. HP: 81/83 MP: 12/14
  8681 | D:8      | Noticed a cyan ugly thing
  9109 | D:8      | Killed a cyan ugly thing
  9166 | D:8      | Gained mutation: Your natural rate of healing is unusually fast. [mutagenic meat]
  9388 | Lair:1   | Entered Level 1 of the Lair of Beasts
  9679 | Lair:1   | HP: 6/124 [yak (10)]
  9683 | Lair:1   | Slain by a yak

Skill      XL: |  1  2  3  4  5  6  7  8  9 10 |
---------------+-------------------------------+-----
Fighting       | 4 5 6 |  6.0
Maces & Flails | 4 6 7 |  7.2
Shields        | 5 |  5.0
Dodging        | 7 9 |  9.6
Evocations     | 5 7 |  7.1

Action                   |  1- 3 |  4- 6 |  7- 9 | 10-12 || total
-------------------------+-------+-------+-------+-------++-------
Melee: Flail             |   131 |   226 |   396 |   150 ||   903
       Tailslap          |    15 |    22 |    60 |    22 ||   119
 Abil: Breathe Lightning |       |       |    12 |     5 ||    17
Evoke: Deck              |       |       |     8 |       ||     8
       Wand              |       |       |     3 |     6 ||     9
  Use: Potion            |       |       |     9 |     3 ||    12
       Scroll            |       |       |     3 |     2 ||     5
 Stab: Sleeping          |     1 |       |       |       ||     1
       Distracted        |       |       |     1 |       ||     1
  Eat: Chunk             |     2 |     7 |     9 |     2 ||    20
       Meat ration       |       |       |     2 |       ||     2
       Royal jelly       |       |       |       |     1 ||     1
Armor: Skin              |    51 |    73 |   101 |    42 ||   267
Dodge: Dodged            |    64 |   102 |   188 |    56 ||   410
Block: Shield            |    81 |   126 |   204 |    67 ||   478
